 Dungeon Crawl Stone Soup version 0.21.1-1-g345015f (webtiles) character file.

33 ninurtach the Changer (level 3, 0/28 HPs)
             Began as a Draconian Transmuter on May 14, 2018.
             Succumbed to an adder's poison
             ... on level 2 of the Dungeon.
             The game lasted 00:02:48 (1188 turns).

ninurtach the Changer (Draconian Transmuter)        Turns: 1188, Time: 00:02:49

Health: 0/28       AC:  5    Str: 12    XL:     3   Next: 12%
Magic:  3/6        EV: 10    Int: 14    God:
Gold:   62         SH:  0    Dex: 11    Spells: 3/6 levels left

rFire    . . .     SeeInvis .     - Unarmed
rCold    . . .     Gourm    .   (no shield)
rNeg     . . .     Faith    .   (armour unavailable)
rPois    .         Spirit   .   (helmet restricted)
rElec    .         Reflect  .   (no cloak)
rCorr    .         Harm     .   (no gloves)
MR       .....                  (no boots)
Stlth    +.........             (no amulet)
HPRegen  0.09/turn              g - -2 ring of evasion (curse)
MPRegen  0.10/turn              (no ring)

@: lethally poisoned (0 -> -2), appendage, hasted, very quick
A: unfitting armour, horns 2, cold-blooded, AC +5
a: End Transformation


You were on level 2 of the Dungeon.
You were not hungry.
You had grown temporary horns.
You visited 1 branch of the dungeon, and saw 2 of its levels.

You collected 62 gold pieces.

Inventory:

Missiles
 a - 10 arrows
Jewellery
 g - a cursed -2 ring of evasion (left hand)
Scrolls
 e - a scroll of immolation
 h - 2 scrolls of identify
Books
 b - a book of Changes

   Spells                             Type                      Level
   a - Beastly Appendage              Transmutation                1
   b - Sticks to Snakes               Transmutation                2
   c - Spider Form                    Transmutation/Poison         3
   d - Ice Form                       Ice/Transmutation            4
   e - Blade Hands                    Transmutation                5
Comestibles
 c - 4 rations


   Skills:
 - Level 1.1 Fighting
 - Level 1.7 Dodging
 - Level 3.0 Unarmed Combat
 - Level 2.0 Spellcasting
 * Level 3.6 Transmutations


You had 3 spell levels left.
You knew the following spells:

 Your Spells              Type           Power        Failure   Level  Hunger
a - Beastly Appendage     Tmut           ##....       5%          1    ##.....
b - Sticks to Snakes      Tmut           ##......     8%          2    ###....


Dungeon Overview and Level Annotations

Branches:
Dungeon (2/15)

Altars:


Innate Abilities, Weirdness & Mutations

Your plain brown scales are hard. (AC +5)
You cannot fit into any form of body armour.
You are cold-blooded and may be slowed by cold attacks.
You have a pair of horns on your head.


Message History

* * * LOW HITPOINT WARNING * * *
The adder closely misses you.
You take 1 damage, and have 1/23 hp.
Spoiler Alert: The adder is fast and can poison!
You hit the adder. Your headbutt misses the adder.
Your tail-slap misses the adder.
The hobgoblin hits you but does no damage.
The adder bites you but does no damage. The bat barely misses you.
You hit the adder.
You kill the adder!
You have reached level 3!
Your experience leads to an increase in your attributes!
Increase (S)trength, (I)ntelligence, or (D)exterity?
You feel clever.
Your scales feel tougher.
The bat hits you but does no damage.
You aren't carrying any potions.
Okay, then.
Memorise Spider Form, consuming 3 spell levels and leaving 0?
Your memorisation is interrupted.
You die...

#.# #.# #.# #.# #.# .## #.#
#########...# #.#
###...g.......# #.#
##......@b.....# #.#
..###....#######.### #รท#
......#..### #.# .###...##.##
#.# ##.##.#.## #.#
...####.#.###.#############.#
.........## ##..............#
.######.#.###.###############
#.##.#.##


You could see a hobgoblin and a bat.

Vanquished Creatures
  An adder (D:2)
  A ball python (D:1)
  2 bats
  2 giant cockroaches (D:1)
  A goblin (D:1)
  3 hobgoblins (D:2)
  5 jackals
  A frilled lizard (D:1)
  2 kobolds (D:1)
  3 rats (D:1)
21 creatures vanquished.

Vanquished Creatures (collateral kills)
  A jackal (D:1)
1 creature vanquished.

Grand Total: 22 creatures vanquished

Notes
Turn   | Place    | Note
-------+----------+-------------------------------------------
     0 | D:1      | ninurtach the Draconian Transmuter began the quest for the Orb.
     0 | D:1      | Reached XP level 1. HP: 16/16 MP: 3/3
   224 | D:1      | Reached XP level 2. HP: 23/23 MP: 5/5
   230 | D:1      | Learned a level 2 spell: Sticks to Snakes
  1185 | D:2      | HP: 1/23 [bat (1)]
  1187 | D:2      | Reached XP level 3. HP: 1/28 MP: 3/6
  1188 | D:2      | Succumbed to an adder's poison

Skill      XL: |  1  2 |
---------------+-------+-----
Transmutations | 3 |  3.6
Fighting       | |  1.1
Dodging        | |  1.7
Unarmed Combat | |  3.0
Spellcasting   | |  2.0

Action                   || total
-------------------------++-------
Melee: Unarmed           ||    66
       Tailslap          ||     5
       Kick              ||     2
       Headbutt          ||     2
       Punch             ||     2
 Cast: Beastly Appendage ||     5
       Sticks to Snakes  ||     2
  Use: Scroll            ||     2
       Potion            ||     1
 Stab: Sleeping          ||     1
  Eat: Chunk             ||     1
Armor: Skin              ||    34
Dodge: Dodged            ||    44
